AoeStats
← 小桦

Arabia

507431401Analyzed
1v1 RM · 15d ago on Sep 18, 2026· 21m 43s· 2 players
Game mode
Random Map
Map size
Tiny (2 player)
Population
200
Speed
Normal
Resources
Standard
Victory
Conquest
Starting age
Dark Age
Ending age
Imperial Age
RankedLock teamsTeams togetherTeam positionsShared explorationLock speedFull tech treeHidden civsTurbo modeCheats
Victory
Defeat
🇳🇿 Wu · New Zealand
1383
+16
🇨🇳 Koreans · China
1376
-16
小桦
6:56 Loom
9:15 Feudal Age
18:55 Castle Age
18:20 Fletching
21:11 Town Watch
Fish745
7:28 Loom
11:07 Feudal Age
15:11 Castle Age
17:35 Squires
21:42 Scale Mail Armor
Connection lost

Rejoining the realm…

Still unreachable

The connection could not be restored.

Session expired

The server has moved on; the page needs a fresh start.